 Dungeon Crawl Stone Soup version 0.19-a0-1111-gcceb26a (webtiles) character file.

108 epen the Magician (level 4, 0/22 HPs)
             Began as a Spriggan Transmuter on Aug 10, 2016.
             Slain by a howler monkey (2 damage)
             ... on level 4 of the Dungeon.
             The game lasted 00:04:59 (2462 turns).

epen the Magician (Spriggan Transmuter)             Turns: 2462, Time: 00:05:00

Health: 0/22       AC:  5    Str: 11    XL:     4   Next: 58%
Magic:  8/10       EV: 19    Int: 15    God:
Gold:   134        SH:  0    Dex: 16    Spells: 3 memorised, 4 levels left

rFire  . . .     SeeInvis +       - Unarmed
rCold  . . .     Gourm    .     b - +0 robe
rNeg   . . .     Faith    .     (shield restricted)
rPois  .         Spirit   .     (helmet restricted)
rElec  .         Dismiss  .     s - +2 cloak
rCorr  .         Reflect  .     (gloves unavailable)
SustAt +         Harm     .     (boots unavailable)
MR     .....                    (no amulet)
Stlth  +.........               l - +5 ring of strength
                                g - ring of sustain attributes

@: lethally poisoned (0 -> -5), invisible, very quick
A: unfitting armour, see invisible, herbivore 3, speed 3, slow metabolism 2
a: no special abilities


You were on level 4 of the Dungeon.
You were hungry.

You visited 1 branch of the dungeon, and saw 4 of its levels.

You collected 134 gold pieces.

Inventory:

Missiles
 a - 25 arrows
Armour
 b - a +0 robe (worn)
 r - a +3 buckler
 s - a +2 cloak (worn)
Jewellery
 g - a ring of sustain attributes (left hand)
 l - a +5 ring of strength (right hand)
Scrolls
 e - 2 scrolls of enchant armour
 i - a scroll of teleportation {unknown}
 m - a scroll of recharging {unknown}
 n - 3 scrolls of remove curse {unknown}
 o - a scroll of random uselessness {unknown}
 p - a scroll of identify {unknown}
Potions
 q - a potion of agility
Books
 c - a book of Changes

   Spells                             Type                      Level
   a - Beastly Appendage              Transmutation                1
   b - Sticks to Snakes               Transmutation                2
   c - Spider Form                    Transmutation/Poison         3
   d - Ice Form                       Ice/Transmutation            4
   e - Blade Hands                    Transmutation                5
Comestibles
 d - a bread ration
 f - 3 slices of pizza


   Skills:
 + Level 1.4 Fighting
 + Level 3.6 Dodging
 * Level 3.1 Unarmed Combat
 * Level 3.9 Spellcasting
 * Level 3.6 Transmutations


You had 4 spell levels left.
You knew the following spells:

 Your Spells              Type           Power        Failure   Level  Hunger
a - Beastly Appendage     Tmut           ##....       4%          1    None
b - Sticks to Snakes      Tmut           ##......     8%          2    ##.....
c - Spider Form           Tmut/Pois      #.........   30%         3    ###....


Dungeon Overview and Level Annotations

Branches:
Dungeon (4/15)
 Temple: D:4-7

Altars:

Annotations:
D:4 p0werm0de's ghost, weakling DsCK


Innate Abilities, Weirdness & Mutations

You are tiny and cannot use many weapons and most armour.
You have supernaturally acute eyesight. (SInv)
You are a herbivore.
You cover ground extremely quickly.
You need consume almost no food.


Message History

* * * LOW HITPOINT WARNING * * *
You feel sick.
It was a potion of cancellation.
Your magical effects are unravelling.
Your magical contamination has completely faded away.
You feel magically purged.
You flicker back into view.
You feel a little less agile now. P0werm0de's ghost misses you.
You are alive.
You are lethally poisoned (3 -> -3).
Expiring: You are a venomous arachnid creature.
Your movement speed is average.
Your attack speed is above average.
Your base attributes are Str 6, Int 15, Dex 16.
Okay, then.
Your transformation has ended.
Your +2 cloak unmelds from your body.
Your +0 robe unmelds from your body.
* * * LOW HITPOINT WARNING * * *
You feel sick.
You fade into invisibility!
The howler monkey hits you.
You die...

#.########.# #.# #. #........#.#
#.# #.###########.#.# #.#
###.#......#.##.#.# #.#
#..........#....#.# #.#
#..........#.####.# #.#
#..........#.####.###.#
#########..)............#.....#
.......##.......@..#..#.#########
.......####.#...Wh....#..........
.......####.#####..##############
W.................>..<..#
.......##########o#...#.#
.......# #.#..^#.# ########
#o#...#.# # #.#...#.# # #.#...#.#


You could see a howler monkey, p0werm0de's ghost and 2 orcs.

Vanquished Creatures
  A hound (D:4)
  2 adders (D:2)
  2 oozes
  A dart slug (D:2)
  3 giant geckos
  An orc (D:3)
  8 bats
  3 giant cockroaches
  3 goblins
  4 hobgoblins
  7 jackals
  A quokka (D:3)
  3 giant newts
  4 kobolds
  4 rats
47 creatures vanquished.

Notes
Turn   | Place    | Note
-------+----------+-------------------------------------------
     0 | D:1      | epen the Spriggan Transmuter began the quest for the Orb.
     0 | D:1      | Reached XP level 1. HP: 9/9 MP: 5/5
    76 | D:1      | Reached XP level 2. HP: 14/14 MP: 4/6
   265 | D:1      | Reached skill level 1 in Fighting
   705 | D:2      | Learned a level 2 spell: Sticks to Snakes
   935 | D:2      | Reached XP level 3. HP: 16/18 MP: 8/8
   940 | D:2      | Learned a level 3 spell: Spider Form
  1797 | D:3      | Reached XP level 4. HP: 22/22 MP: 6/10
  1837 | D:3      | Noticed an ice beast
  2405 | D:4      | Noticed p0werm0de's ghost (weakling DsCK)
  2462 | D:4      | Slain by a howler monkey

Vault maps used:
D:1:      dpeg_arrival_pits

Skill      XL: |  1  2  3 |
---------------+----------+-----
Transmutations | 3 |  3.6
Fighting       | 1 |  1.4
Spellcasting   | 3 |  3.9
Unarmed Combat | 3 |  3.1
Dodging        | |  3.6

Action                   |  1- 3 |  4- 6 || total
-------------------------+-------+-------++-------
Melee: Unarmed           |   139 |    51 ||   190
       Kick              |     5 |       ||     5
 Cast: Beastly Appendage |     1 |       ||     1
       Spider Form       |     5 |     2 ||     7
       Sticks to Snakes  |       |     2 ||     2
  Use: Potion            |       |     4 ||     4
       Scroll            |       |     2 ||     2
 Stab: Sleeping          |     4 |       ||     4
Armor: Robe              |    16 |     9 ||    25
       Skin              |     1 |       ||     1
Dodge: Dodged            |   116 |    52 ||   168
